 Dungeon Crawl Stone Soup version 0.31-a0-1627-g952d896 (webtiles) character file.

Game seed: 13961015169987914388

1068 edsrzf the Magician (level 8, 0/42 (46) HPs)
             Began as an Octopode Hedge Wizard on Jan 11, 2024.
             Slain by a wight
             ... wielding a +2 short sword
              (10 damage)
             ... on level 5 of the Dungeon on Jan 12, 2024.
             The game lasted 00:10:37 (5043 turns).

edsrzf the Magician (Octopode Hedge Wizard)         Turns: 5043, Time: 00:10:38

HP:   0/42 (46)     AC:  5    Str:  9    XL:     8   Next: 28%
MP:   11/15         EV: 13    Int: 19    God:
Gold: 273           SH:  0    Dex: 11    Spells: 11/18 levels left

rFire   . . .        a - +0 dagger
rCold   . . .        (no shield)
rNeg    . . .        b - +0 hat
rPois   .            (no amulet)
rElec   .            (no ring)
rCorr   .            (no ring)
SInv    .            (no ring)
Will    .....        (no ring)
Stlth   +++          (no ring)
HPRegen 0.27/turn    (no ring)
MPRegen 0.14/turn    (no ring)
                     (no ring)

%: no passive effects
@: drained
A: almost no armour, amphibious, 8 rings, camouflage 1, gelatinous body 1,
(nimble swimmer 1), tentacles, iridescent scales 2, low MP 1
a: no special abilities


You were on level 5 of the Dungeon.
You visited 1 branch of the dungeon, and saw 6 of its levels.

You collected 273 gold pieces.

Inventory:

Hand Weapons
 a - a +0 dagger (weapon)
Missiles
 e - 4 poisoned darts
 j - 4 curare-tipped darts
 r - a throwing net {=f}
Armour
 b - a +0 hat (worn)
Scrolls
 d - 3 scrolls of identify
 f - a scroll of revelation
 g - a scroll of blinking
 h - 2 scrolls of amnesia
 i - a scroll of fog {unknown}
 k - a scroll of enchant weapon {unknown}
 l - a scroll of vulnerability {unknown}
 m - 2 scrolls of teleportation {unknown}
 n - 2 scrolls of enchant armour {unknown}
 o - 2 scrolls of immolation {unknown}
 s - a scroll of fear {unknown}
Potions
 c - a potion of magic
 p - a potion of might {unknown}
 q - a potion of resistance


   Skills:
 - Level 2.0 Dodging
 - Level 2.6 Stealth
 + Level 5.8 Spellcasting
 - Level 5.4 Conjurations
 - Level 1.0 Summonings
 - Level 1.0 Translocations
 + Level 1.2 Air Magic
 - Level 5.4 Alchemy


You had 11 spell levels left.
You knew the following spells:

 Your Spells              Type           Power      Damage    Failure   Level
b - Blink                 Tloc           18%        N/A       12%         2
s - Slow                  Hex            20%        N/A       12%         1
C - Mephitic Cloud        Conj/Alch/Air  20%        N/A       6%          3
X - Magic Dart            Conj           100%       1d8       1%          1

Your spell library contained the following spells:

 Spells                   Type           Power      Damage    Failure   Level
 Cigotuvi's Dreadful Rot  Necr/Alch/Air  28%        N/A       7%          2
 Stone Arrow              Conj/Erth      30%        3d8       11%         3
 Call Imp                 Summ           18%        N/A       12%         2
 Confusing Touch          Hex            5%         N/A       34%         3
 Sigil of Binding         Hex            5%         N/A       34%         3
 Vampiric Draining        Necr           5%         2d6       34%         3
 Lehudib's Crystal Spear  Conj/Erth      7%         10d3      100%        8
 Animate Armour           Summ/Erth      Unusable   N/A       N/A         4

Dungeon Overview and Level Annotations

Branches:
Dungeon (6/15)
 Temple: D:4-7

Altars:
Qazlal
Wu Jian

Shops:
D:1 (   D:3 :   D:6 ?

Annotations:
D:5 2 transporters, Dorkslayer's ghost, novice OpFi


Innate Abilities, Weirdness & Mutations

You cannot wear most types of armour.
You are amphibious.
You can wear up to eight rings at the same time.
Your skin changes colour to match your surroundings (Stealth+).
Your rubbery body absorbs attacks. (AC +1, EV +1)
((You are camouflaged when in or above water. (Stealth+)))
You have tentacles for arms and can constrict up to eight enemies at once.
You are mostly covered in iridescent scales. (AC +4)
Your magical capacity is low. (-10% MP)


Message History

You constrict the orc priest, but do no damage.
The orc priest hits you with a +0 short sword.
You hit the orc priest but do no damage.
You squeeze the orc priest.
You kill the orc priest!
An ufetubus comes into view.
Your life force feels restored.
Your Air Magic skill increases to level 1!
Unknown command.
Casting: Magic Dart (safe; 1% risk of failure)
Confirm with . or Enter, or press ? or * to list all spells.
The magic dart hits the ufetubus but does no damage.
The ufetubus shouts!
Casting: Magic Dart (safe; 1% risk of failure)
Confirm with . or Enter, or press ? or * to list all spells.
The magic dart hits the ufetubus.
The ufetubus is moderately wounded.
Casting: Magic Dart (safe; 1% risk of failure)
Confirm with . or Enter, or press ? or * to list all spells.
The magic dart hits the ufetubus.
The ufetubus is severely wounded.
The ufetubus slips past you! The ufetubus closely misses you. x2
The ufetubus misses you. x2
An ufetubus comes into view.
The ufetubus attacks as it pursues you! The ufetubus hits you.
The ufetubus barely misses you.
There are monsters nearby!
Casting: Magic Dart (safe; 1% risk of failure)
Confirm with . or Enter, or press ? or * to list all spells.
The magic dart hits the ufetubus!
You kill the ufetubus!
A jelly comes into view.
The jelly quivers.
You hit the ufetubus. Your grab misses the ufetubus.
Your squeeze misses the ufetubus.
The ufetubus is moderately wounded.
The jelly jiggles.
The ufetubus misses you. The ufetubus hits you.
You hit the ufetubus. Your grab misses the ufetubus.
The ufetubus is severely wounded.
The ufetubus closely misses you. The ufetubus barely misses you. x3
You miss the ufetubus. Your grab misses the ufetubus. You squeeze the ufetubus.
You kill the ufetubus!
There is a stone staircase leading up here.
You climb upwards.
Level annotation: 2 transporters, Dorkslayer's ghost, novice OpFi
There is a stone staircase leading down here.
There is an open door here.
HP restored.
There is an open door here.
There is a stone staircase leading down here.
You climb downwards.
There is a stone staircase leading up here.
Casting: Magic Dart (safe; 1% risk of failure)
Confirm with . or Enter, or press ? or * to list all spells.
The magic dart hits the orc priest but does no damage.
The orc priest mumbles some strange prayers to Beogh against you.
Beogh smites you!
You hear a shout! x2
Casting: Magic Dart (safe; 1% risk of failure)
Confirm with . or Enter, or press ? or * to list all spells.
The magic dart hits the orc priest but does no damage.
A wight opens the door.
Found Xudoyhuife's Magic Scroll Shoppe. 2 scorpions come into view.
Casting: Magic Dart (safe; 1% risk of failure)
Confirm with . or Enter, or press ? or * to list all spells.
The magic dart hits the wight but does no damage.
An orc comes into view. It is wielding a +0 war axe.
You hit the wight. You grab the wight. You squeeze the wight.
The wight is heavily damaged.
You constrict the wight, but do no damage.
The wight hits you with a +2 short sword!
You hit the wight but do no damage.
The wight is heavily damaged.
You constrict the wight. The wight misses you.
You hit the wight but do no damage.
You squeeze the wight, but do no damage.
The wight is heavily damaged.
You constrict the wight, but do no damage.
The wight hits you with a +2 short sword.
You release your grip on the wight.
The orc priest closely misses you.
The wight hits you with a +2 short sword!
You feel drained.
* * * LOW HITPOINT WARNING * * *
You climb upwards.
Level annotation: 2 transporters, Dorkslayer's ghost, novice OpFi
There is a stone staircase leading down here.
You closely miss the wight. Your grab misses the wight.
The wight is heavily damaged.
The orc priest hits you but does no damage.
The wight hits you with a +2 short sword.
* * * LOW HITPOINT WARNING * * *
You feel drained.
You hit the wight but do no damage. You grab the wight.
You squeeze the wight, but do no damage.
The wight is heavily damaged.
You constrict the wight.
The wight hits you with a +2 short sword!
You die...

#...#.###########.#
#..................
#.#.#.###..########
#.#.#......# #..
#.#.#......# #..
####.#.#....<## #..
#....#.......# #..
##...z###.###########..
#.....@o............'..
#.[..##############.#..
#....# ###.### #.####
#.....# #.# #...#.# #.#
#...#.# #.# #...#.# #.#
##########.....#
#.######.......##....(#


You could see a wight and an orc priest.

Vanquished Creatures
  Grinder (D:5)
  Sigmund (D:5)
  Eustachio (D:5)
  An ogre (D:5)
  A phantom (D:4)
  2 scorpions (D:4)
  A wight (D:5)
  A hound (D:5)
  An orc priest (D:6)
  A sleepcap (D:5)
  An iguana (D:4)
  4 adders
  A white imp (D:5)
  4 ufetubi
  2 dart slugs
  A ribbon worm (D:4)
  2 orcs (D:6)
  8 endoplasms
  3 giant cockroaches
  9 goblins
  14 hobgoblins
  4 jackals (D:1)
  A kobold (D:2)
  5 quokkas (D:1)
  6 ball pythons
  6 bats
  A frilled lizard (D:1)
  5 rats
88 creatures vanquished.

Notes
Turn   | Place    | Note
-------+----------+-------------------------------------------
     0 | D:1      | edsrzf the Octopode Hedge Wizard began the quest for the
                  | Orb.
     0 | D:1      | Reached XP level 1. HP: 11/11 MP: 4/4
    52 | D:1      | Found Hihilull's Weapon Emporium.
   148 | D:1      | Reached skill level 2 in Conjurations
   148 | D:1      | Reached XP level 2. HP: 17/17 MP: 6/6
   388 | D:1      | Reached XP level 3. HP: 7/21 MP: 7/7
   479 | D:1      | Reached skill level 3 in Conjurations
  1564 | D:3      | Reached XP level 4. HP: 27/27 MP: 8/8
  1574 | D:3      | Found Suquw Ymufu's Book Boutique.
  1894 | D:3      | Reached skill level 4 in Conjurations
  2010 | D:3      | Found an ornate altar of the Wu Jian Council.
  2165 | D:4      | Noticed a scorpion
  2176 | D:4      | Identified a potion of berserk rage
  2177 | D:4      | Killed a scorpion
  2178 | D:4      | Reached XP level 5. HP: 16/31 MP: 9/9
  2321 | D:4      | Reached skill level 5 in Conjurations
  2353 | D:4      | Learned a level 2 spell: Blink
  2355 | D:4      | Learned a level 1 spell: Slow
  2359 | D:4      | Learned a level 3 spell: Mephitic Cloud
  2507 | D:4      | Reached skill level 1 in Alchemy
  2507 | D:4      | Reached XP level 6. HP: 29/36 MP: 1/10
  2968 | D:4      | Upgraded the game from 0.31-a0-1620-gcbf77bb to
                  | 0.31-a0-1627-g952d896
  2980 | D:4      | Identified a potion of mutation
  2980 | D:4      | Gained mutation: You are partially covered in iridescent
                  | scales. (AC +2) [potion of mutation]
  2980 | D:4      | Gained mutation: Your magical capacity is low. (-10% MP)
                  | [potion of mutation]
  2980 | D:4      | Gained mutation: You are mostly covered in iridescent
                  | scales. (AC +4) [potion of mutation]
  2981 | D:4      | Identified a potion of lignification
  2998 | D:4      | Reached skill level 2 in Alchemy
  3283 | D:5      | Entered Level 5 of the Dungeon
  3336 | D:5      | Noticed Grinder
  3361 | D:5      | Noticed Sigmund
  3371 | D:5      | Killed Sigmund
  3372 | D:5      | Reached skill level 4 in Spellcasting
  3372 | D:5      | Reached skill level 3 in Alchemy
  3372 | D:5      | Reached XP level 7. HP: 30/41 MP: 1/12
  3661 | D:5      | Noticed Eustachio
  3701 | D:5      | Identified 5 scrolls of identify
  3701 | D:5      | Identified a potion of resistance
  3702 | D:5      | Identified 3 scrolls of amnesia
  3707 | D:5      | Identified a scroll of revelation
  3708 | D:5      | Identified 2 scrolls of blinking
  3860 | D:5      | Killed Eustachio
  3861 | D:5      | Reached skill level 4 in Alchemy
  4025 | D:5      | Found a transporter.
  4028 | D:5      | Noticed Dorkslayer's ghost (novice OpFi)
  4045 | D:5      | Found a stormy altar of Qazlal.
  4080 | D:5      | Found a transporter.
  4092 | D:5      | Reached skill level 5 in Spellcasting
  4681 | D:5      | Paralysed by Grinder for 5 turns
  4687 | D:5      | Killed Grinder
  4688 | D:5      | Reached skill level 5 in Alchemy
  4688 | D:5      | Reached XP level 8. HP: 15/46 MP: 10/14
  4963 | D:6      | Reached skill level 1 in Air Magic
  5035 | D:6      | Found Xudoyhuife's Magic Scroll Shoppe.
  5043 | D:5      | Slain by a wight

Illustrated notes

Levels and vault maps discovered:
D:1:      elethiomel_arrival_fortress_basement, layout_loops_ring, serial_shops,
          nicolae_shop_bloodbath_and_beyond, hex_large
D:2:      layout_rooms
D:3:      layout_rooms, pdpol_wu_jian_five_deadly_venoms, serial_shops,
          shop_fountains, minmay_goblin_kobold_house
D:4:      layout_cave_pods, nicolae_tricolors
D:5:      layout_basic, mainiacjoe_overflow_chevrons,
          gammafunk_ghost_abyssal_escape, uniq_eustachio, uniq_grinder,
          uniq_sigmund
D:6:      minmay_chambers_of_sixes, layout_basic, minmay_temple_entry_overgrown,
          serial_shops, nicolae_shop_pleasant_corner_grove,
          serial_library_hellmonk_room_a, minivault_4, kennysheep_small_circle

Skill      XL: |  1  2  3  4  5  6  7  8 |
---------------+-------------------------+-----
Conjurations   | 2 3 4 5 |  5.4
Alchemy        | 1 3 5 |  5.4
Spellcasting   | 4 5 |  5.8
Air Magic      | 1 |  1.2
Dodging        | |  2.0
Stealth        | |  2.6
Summonings     | |  1.0
Translocations | |  1.0

Action                     |  1- 3 |  4- 6 |  7- 9 || total
---------------------------+-------+-------+-------++-------
  Melee: Dagger            |    98 |    59 |    57 ||   214
         Constrict         |    27 |    13 |    13 ||    53
         Tentacles         |    21 |    22 |    22 ||    65
         Punch             |       |     1 |     2 ||     3
         Unarmed           |       |    15 |       ||    15
  Throw: Throwing net      |       |       |     1 ||     1
   Cast: Magic Dart        |     3 |    47 |    51 ||   101
         Blink             |       |       |     1 ||     1
    Use: Potion            |       |     3 |       ||     3
         Scroll            |       |       |     4 ||     4
   Stab: Sleeping          |     8 |     5 |       ||    13
 Armour: Skin              |    44 |    49 |    62 ||   155
  Dodge: Dodged            |    74 |    33 |    78 ||   185

Table legend: (Time is in decaauts)
 A = Elapsed time spent in this place.
 B = Non-inter-level travel time spent in this place.
 C = Inter-level travel time spent in this place.
 D = Time resting spent in this place.
 E = Time spent auto-exploring this place.
 F = Levels seen in this place.
 G = Mean time per level.
                   A        B        C        D        E       F      G
               +--------+--------+--------+--------+--------+-----+--------+
         Total |   5055 |   4835 |    220 |    835 |   3196 |   6 |  842.5 |
       Dungeon |   5055 |   4835 |    220 |    835 |   3196 |   6 |  842.5 |
               +--------+--------+--------+--------+--------+-----+--------+

Top non-repeatable levels by time:
     D:5: 1724 daAuts
     D:4: 1193 daAuts
     D:1: 968 daAuts
     D:3: 609 daAuts
     D:2: 523 daAuts
     D:6: 36 daAuts
